 Dungeon Crawl Stone Soup version 0.18.1-47-g9310371 (webtiles) character file.

196 MistressOfTheDunes the Insei (level 5, -6/42 HPs)
             Began as a Mummy Monk on June 22, 2016.
             Mangled by a hobgoblin
             ... wielding a cursed -1 club
              (7 damage)
             ... on level 3 of the Dungeon.
             The game lasted 00:04:01 (4019 turns).

MistressOfTheDunes the Insei (Mummy Monk)           Turns: 4019, Time: 00:04:02

Health: -6/42      AC: -2    Str: 14    XL:     5   Next: 45%
Magic:  5/5        EV: 13    Int:  9    God:
Gold:   134        SH:  0    Dex: 16    Spells: 0 memorised, 4 levels left

rFire  x . .     SeeInvis .       - Unarmed
rCold  + . .     Gourm    .     (no armour)
rNeg   + + +     Faith    .     (no shield)
rPois  ∞         Spirit   .     (no helmet)
rElec  .         Dismiss  .     (no cloak)
rCorr  .         Reflect  .     (no gloves)
SustAt .         Harm     .     (no boots)
MR     +....                    (no amulet)
Stlth  ++........               b - ring of protection from magic
                                f - -2 ring of protection (curse)

@: somewhat resistant to hostile enchantments, unstealthy
A: no food or potions, fire vulnerability, cold resistance 1, negative energy
resistance 3, torment resistance, unbreathing
a: no special abilities


You were on level 3 of the Dungeon.
You were not hungry.

You visited 1 branch of the dungeon, and saw 4 of its levels.

You collected 134 gold pieces.


Innate Abilities, Weirdness & Mutations

You do not eat or drink.
Your flesh is vulnerable to fire.
You are immune to poison.
Your flesh is cold resistant.
You are immune to negative energy.
You are immune to unholy pain and torment.
You can survive without breathing.


   Skills:
 + Level 4.2 Fighting
 - Level 2.4 Dodging
 - Level 1.5 Stealth
 - Level 5.0 Unarmed Combat


You had 4 spell levels left.
You didn't know any spells.

Inventory:

Missiles
 j - 15 poisoned needles
Jewellery
 b - a ring of protection from magic (right hand)
 f - a cursed -2 ring of protection (left hand)
Scrolls
 a - 3 scrolls of identify {unknown}
 c - a scroll of noise {unknown}
 d - a scroll of fog {unknown}
 e - a scroll of remove curse {unknown}
 g - a scroll of enchant weapon {unknown}
 h - 2 scrolls of enchant armour {unknown}
 i - a scroll of teleportation {unknown}
 k - a scroll of blinking {unknown}

Dungeon Overview and Level Annotations

Branches:
Dungeon (4/15)             Temple (0/1) D:4

Altars:
Ashenzari
Cheibriados
Ru
Trog
Yredelemnul

Annotations:
D:3 exclusion: downstairs

▒.▒.▒.▒.▒.▒▒ ▒.▒.....▒▒
▒▒▒▒▒.▒.......▒
▒.▒..%.▒▒
......▒.▒.▒.▒.▒ ▒.▒.▒.▒▒
▒▒▒▒▒▒▒....▒▒(▒▒▒▒.▒.▒.▒
▒.▒............▒[▒
▒.▒............▒.▒
▒........).......▒▒▒
▒▒▒▒▒▒▒▒▒▒.▒.......▒
▒▒▒▒▒▒▒▒▒▒M▒▒......▒▒
▒.÷......(g....>....▒▒▒
▒.▒...>...............▒
▒(▒.▒▒▒▒▒▒.▒▒.........▒
▒.▒.▒ ▒.▒▒.........▒
▒.▒.▒ ▒.▒▒.▒▒....▒▒▒
▒.▒.▒ ▒.▒▒.▒▒....▒ ▒.▒.▒
▒.▒▒.▒▒....▒ ▒.▒.▒
▒....▒▒..▒.▒


You could see a hobgoblin.


Message History

There is a stone staircase leading up here!
The orc hits you with a flail of protection!
You climb upwards!
Level annotation: exclusion: downstairs A hobgoblin comes into view!
It is wielding a club!
There is a stone staircase leading down here!
The orc hits you with a flail of protection!!! * * * don't die
* * *
Things that are here:
a club x2
You squash the orc like an ant!
The orc is heavily wounded!
The orc hits you with a flail of protection! * * * don't die
* * * You beat the orc but do no damage!
The orc is heavily wounded!
The orc hits you with a flail of protection!!! * * * don't die
* * * You closely miss the orc!
The orc is heavily wounded!
You pulverise the orc!
You annihilate the orc!!!
The hobgoblin hits you with a club! * * * don't die
* * *
Items here: ))) † a flail of protection; a club x2; an orc corpse You pummel the hobgoblin like a punching bag!
The hobgoblin is moderately wounded!
The hobgoblin hits you with a club!!! rip

Action                   |  1- 3 |  4- 6 || total
-------------------------+-------+-------++-------
Melee: Unarmed           |   165 |    92 ||   257
       Punch             |       |     4 ||     4
 Stab: Sleeping          |     5 |       ||     5
Dodge: Dodged            |    98 |    59 ||   157

Vault maps used:
D:1:      co_arrival_square_in_a_square_in_a_square
D:2:      evilmike_ruin_ashenzari, yredelemnul_altar_generic, first_bread,
          cheibriados_altar_1
D:3:      lemuel_doored_altar, lemuel_round_altar
D:4:      minmay_temple_entry_mist, nicolae_ossuary_entry_false_entrances,
          uniq_grinder

Notes
Turn   | Place    | Note
--------------------------------------------------------------
     0 | D:1      | MistressOfTheDunes the Mummy Monk began the quest for the Orb.
     0 | D:1      | Reached XP level 1. HP: 18/18 MP: 1/1
   442 | D:1      | Reached XP level 2. HP: 24/24 MP: 2/2
   807 | D:2      | Reached skill level 4 in Unarmed Combat
  1104 | D:2      | Found a basalt altar of Yredelemnul.
  1172 | D:2      | Found a shattered altar of Ashenzari.
  1193 | D:2      | Reached XP level 3. HP: 29/29 MP: 3/3
  1575 | D:2      | Found a snail-covered altar of Cheibriados.
  2112 | D:3      | Found a bloodstained altar of Trog.
  2452 | D:3      | Reached XP level 4. HP: 27/35 MP: 4/4
  2815 | D:3      | Found a sacrificial altar of Ru.
  2965 | D:3      | Reached skill level 5 in Unarmed Combat
  3299 | D:4      | Found a staircase to the Ecumenical Temple.
  3442 | D:3      | Reached XP level 5. HP: 15/41 MP: 5/5
  3848 | D:4      | Reached skill level 4 in Fighting
  4015 | D:3      | HP: 4/42 [orc/flail of protection (9)]
  4018 | D:3      | HP: 1/42 [hobgoblin/club (3)]
  4019 | D:3      | Mangled by a hobgoblin

Vanquished Creatures
  A hound (D:3)
  A giant frog skeleton (D:4)
  A worker ant (D:4)
  4 adders (D:3)
  An ooze (D:3)
  A worm (D:3)
  2 dart slugs
  2 giant geckos
  3 orcs (D:3)
  3 giant cockroaches
  12 goblins
  5 hobgoblins
  3 jackals (D:3)
  6 kobolds
  3 quokkas
  A ball python (D:4)
  4 bats
  2 giant newts
  9 rats
64 creatures vanquished.
